 Dungeon Crawl Stone Soup version 0.28-a0-1038-g9c4cb8273d (webtiles) character file.

Game seed: 9623594898529015118

375 ytrimaz the Insei (level 6, -3/41 HPs)
             Began as an Octopode Transmuter on Dec 8, 2021.
             Slain by a goblin (4 damage)
             ... led by Robin
             ... on level 4 of the Dungeon.
             The game lasted 00:03:26 (3770 turns).

ytrimaz the Insei (Octopode Transmuter)             Turns: 3770, Time: 00:03:26

Health: -3/41      AC:  1    Str:  9    XL:     6   Next: 73%
Magic:  0/11       EV: 13    Int: 18    God:
Gold:   137        SH:  0    Dex: 12    Spells: 6/11 levels left

rFire   . . .      SeeInvis .     - Unarmed
rCold   . . .      Faith    .   (no shield)
rNeg    . . .      Spirit   +   (helmet restricted)
rPois   .          Reflect  .   d - amulet of guardian spirit
rElec   .          Harm     .   (no ring)
rCorr   .          Rampage  .   (no ring)
Will    .....                   (no ring)
Stlth   ++........              (no ring)
HPRegen 0.13/turn               (no ring)
MPRegen 0.12/turn               (no ring)
                                (no ring)
                                (no ring)

@: mighty
A: almost no armour, amphibious, 8 rings, camouflage 1, gelatinous body 1,
(nimble swimmer 1), tentacles
a: no special abilities


You were on level 4 of the Dungeon.
You visited 1 branch of the dungeon, and saw 4 of its levels.

You collected 137 gold pieces.

Inventory:

Jewellery
 d - an amulet of guardian spirit (around mantle)
Scrolls
 g - a scroll of enchant weapon
 h - a scroll of teleportation
Potions
 a - a potion of ambrosia
 b - a potion of might
 c - a potion of heal wounds {unknown}
 e - 2 potions of invisibility
 f - a potion of magic {unknown}
 i - a potion of lignification {unknown}
 j - a potion of brilliance {unknown}


   Skills:
 * Level 2.6 Fighting
 - Level 2.0 Dodging
 + Level 5.1 Unarmed Combat
 * Level 3.3 Spellcasting
 - Level 0.1 Hexes
 * Level 3.1 Transmutations
 * Level 2.0 Poison Magic


You had 6 spell levels left.
You knew the following spells:

 Your Spells              Type           Power      Damage    Failure   Level
a - Beastly Appendage     Tmut           28%        N/A       4%          1
b - Slow                  Hex            12%        N/A       16%         1
c - Spider Form           Tmut/Pois      12%        N/A       16%         3

Your spell library contained the following spells:

 Spells                   Type           Power      Damage    Failure   Level
 Wereblood                Tmut           14%        N/A       6%          2
 Static Discharge         Conj/Air       3%         N/A       24%         2
 Ice Form                 Ice/Tmut       8%         N/A       63%         4
 Lightning Bolt           Conj/Air       1%         1d12      99%         5
 Maxwell's Capacitive Co  Air            1%         ∞         100%        8


Dungeon Overview and Level Annotations

Branches:
Dungeon (4/15)
 Temple: D:4-7

Altars:

Annotations:
D:2 1 runed translucent door, Crazy Yiuf
D:4 Robin


Innate Abilities, Weirdness & Mutations

You cannot wear most types of armour.
You are amphibious.
You can wear up to eight rings at the same time.
Your skin changes colour to match your surroundings (Stealth+).
Your rubbery body absorbs attacks. (AC +1, EV +1)
((You are camouflaged near water. (Stealth+)))
You have tentacles for arms and can constrict up to eight enemies at once.


Message History

The hobgoblin hits you.
You bite the hobgoblin!
You kill the hobgoblin!
The hobgoblin no longer looks unusually strong.
The goblin no longer looks unusually strong.
You barely miss the goblin. The goblin barely misses you.
You are too injured to fight recklessly!
You are too injured to fight recklessly!
You are too injured to fight recklessly!
You hit the goblin.
You kill the goblin!
Your transformation is almost over.
You bite the goblin!
You kill the goblin!
You hit the goblin.
You kill the goblin!
You hit the hobgoblin.
You kill the hobgoblin!
You barely miss the goblin.
The goblin no longer looks unusually strong.
The goblin closely misses you.
You barely miss the goblin. The goblin hits you with a +0 club.
You hit the goblin but do no damage.
The goblin is poisoned.
The goblin completely misses you.
You hit the goblin.
The goblin looks as sick as possible!
The goblin is severely wounded.
The goblin hits you with a +0 club.
You bite the goblin!
You kill the goblin!
Robin throws the goblin at you!
You bite the goblin!
You kill the goblin!
The goblin hits you with a +1 dagger of distortion.
Space warps horribly around you!
* * * LOW HITPOINT WARNING * * *
Unknown command.
It was a potion of might.
You feel very mighty all of a sudden.
Your transformation has ended.
The goblin barely misses you. The goblin hits you with a +0 club.
You die...

########
#......#
#.g<...#
##....##
######+###g...##
#........ggg...#
#...gg...gg....+
#..##g##########
#@# #...g.#
#.....# #.....#
#######


You could see Robin and 3 goblins.

Vanquished Creatures
  An ogre (D:3)
  2 orc priests (D:3)
  Natasha (thrice) (D:2)
  An orc wizard (D:3)
  3 gnolls (D:2)
  2 adders (D:3)
  A worm (D:3)
  3 dart slugs
  7 orcs (D:3)
  5 ball pythons
  4 bats
  8 endoplasms
  4 giant cockroaches (D:1)
  11 goblins
  11 hobgoblins
  3 jackals (D:3)
  A quokka (D:1)
  A frilled lizard (D:1)
  5 kobolds
  3 rats
79 creatures vanquished.

Vanquished Creatures (others)
  A fungus (D:1)
1 creature vanquished.

Grand Total: 80 creatures vanquished

Notes
Turn   | Place    | Note
-------+----------+-------------------------------------------
     0 | D:1      | ytrimaz the Octopode Transmuter began the quest for the
                  | Orb.
     0 | D:1      | Reached XP level 1. HP: 13/13 MP: 3/3
    58 | D:1      | Reached XP level 2. HP: 11/18 MP: 5/5
   413 | D:1      | Found a faded altar of an unknown god.
   416 | D:1      | Got Plato's Compendium of the Oath
   540 | D:1      | Reached XP level 3. HP: 18/23 MP: 6/6
   633 | D:1      | Learned a level 1 spell: Slow
  1073 | D:1      | Learned a level 3 spell: Spider Form
  1244 | D:2      | Noticed Natasha
  1253 | D:2      | Killed Natasha
  1254 | D:2      | Reached XP level 4. HP: 25/29 MP: 1/7
  1506 | D:2      | Noticed Natasha
  1516 | D:2      | Killed Natasha
  1517 | D:2      | Reached skill level 4 in Unarmed Combat
  1667 | D:2      | Reached XP level 5. HP: 26/34 MP: 3/9
  1872 | D:2      | Noticed Natasha
  1881 | D:2      | Killed Natasha
  1882 | D:2      | Reached skill level 1 in Poison Magic
  2252 | D:2      | Found a runed translucent door.
  2253 | D:2      | Noticed Crazy Yiuf
  3086 | D:3      | Noticed an ogre
  3105 | D:3      | Killed an ogre
  3106 | D:3      | Reached XP level 6. HP: 28/41 MP: 5/10
  3546 | D:3      | Reached skill level 5 in Unarmed Combat
  3744 | D:4      | Noticed Robin
  3769 | D:4      | HP: 1/41 [goblin[Robin] (15)]
  3770 | D:4      | Slain by a goblin

Illustrated notes

Levels and vault maps discovered:
D:1:      dpeg_arrival_three_same_balls, layout_rooms,
          shapermc_ecumenical_altar_rom_forum, grunt_decor_resistance
D:2:      layout_basic, uniq_crazy_yiuf_cottage, uniq_natasha
D:3:      layout_basic
D:4:      layout_gridville, nicolae_overflow_crystal_walls,
          mainiacjoe_overflow_paths, okawaru_trees_1, gup_sewer_entry_bowl,
          hellmonk_ghost_happy_afterlife, uniq_blork_the_orc, uniq_robin

Skill      XL: |  1  2  3  4  5  6 |
---------------+-------------------+-----
Unarmed Combat | 4 5 |  5.1
Fighting       | 2 |  2.6
Poison Magic   | 1 2 |  2.0
Spellcasting   | 3 |  3.3
Transmutations | 3 |  3.1
Dodging        | |  2.0
Hexes          | |  0.1

Action                   |  1- 3 |  4- 6 || total
-------------------------+-------+-------++-------
Melee: Unarmed           |    70 |   133 ||   203
       Constrict         |    15 |    17 ||    32
       Tentacles         |     8 |     7 ||    15
       Punch             |     1 |       ||     1
 Cast: Slow              |     3 |     2 ||     5
       Spider Form       |     1 |     7 ||     8
       Beastly Appendage |       |     1 ||     1
  Use: Scroll            |     2 |     4 ||     6
       Potion            |       |     1 ||     1
 Stab: Sleeping          |     1 |     3 ||     4
Armor: Skin              |     8 |     7 ||    15
Dodge: Dodged            |    48 |    76 ||   124

Table legend: (Time is in decaauts)
 A = Elapsed time spent in this place.
 B = Non-inter-level travel time spent in this place.
 C = Inter-level travel time spent in this place.
 D = Time resting spent in this place.
 E = Time spent auto-exploring this place.
 F = Levels seen in this place.
 G = Mean time per level.
                   A        B        C        D        E       F      G
               +--------+--------+--------+--------+--------+-----+--------+
         Total |   3760 |   3592 |    168 |      0 |   3093 |   4 |  940.0 |
       Dungeon |   3760 |   3592 |    168 |      0 |   3093 |   4 |  940.0 |
               +--------+--------+--------+--------+--------+-----+--------+

Top non-repeatable levels by time:
     D:2: 1505 daAuts
     D:1: 1173 daAuts
     D:3: 1056 daAuts
     D:4: 24 daAuts
